 Dungeon Crawl Stone Soup version 0.29-a0-284-gf9362112df (webtiles) character file.

Game seed: 3991188384322252867

1355 rabbitsville the Chiller (level 8, -14/52 HPs)
             Began as a Human Ice Elementalist on Mar 16, 2022.
             Was an Initiate of Ashenzari.
             Killed from afar by Maggie (27 damage)
             ... with a bolt of fire
             ... on level 6 of the Dungeon.
             The game lasted 00:43:21 (8114 turns).

rabbitsville the Chiller (Human Ice Elementalist)   Turns: 8114, Time: 00:43:22

Health: -14/52     AC: 10    Str: 17    XL:     8   Next: 95%
Magic:  9/16       EV: 11    Int: 24    God:    Ashenzari [......]
Gold:   837        SH:  0    Dex: 13    Spells: 14/18 levels left

rFire   . . .      SeeInvis .   D - staff of cold
rCold   + . .      Faith    .   (no shield)
rNeg    . . .      Spirit   .   o - +0 ring mail of Impermeability {Regen+ Str+2}
rPois   .          Reflect  .   (no helmet)
rElec   .          Harm     .   (no cloak)
rCorr   .          Rampage  .   z - +0 pair of gloves
Will    .....                   B - +2 pair of boots "Gaze Upon Infinity" {Stlth+, Bglg, Fort} (curse)
Stlth   ++........              (no amulet)
HPRegen 0.97/turn               r - +6 ring of intelligence
MPRegen 0.15/turn               n - +6 ring of strength

@: mesmerised
A: no striking features
a: Renounce Religion, Curse Item, Shatter the Chains


You were on level 6 of the Dungeon.
You worshipped Ashenzari.
Ashenzari was noncommittal.
You visited 1 branch of the dungeon, and saw 6 of its levels.
You also visited: Sewer and Ossuary.

You collected 837 gold pieces.

Inventory:

Hand Weapons
 c - a +0 dagger
Missiles
 i - 6 javelins
 q - 35 poisoned darts
 C - a throwing net
Armour
 a - a +0 robe
 o - the +0 ring mail of Impermeability (worn) {Regen+ Str+2}
   (You found it on level 2 of the Dungeon)

   Str:       It affects your strength (+2).
   Regen:     It increases your rate of health regeneration.
 z - a +0 pair of gloves (worn)
 B - the cursed +2 pair of boots "Gaze Upon Infinity" (worn) {Stlth+, Bglg, Fort}
   (You found it on level 4 of the Dungeon)

   It has a curse which improves the following skills: Beguiling: Conjurations,
   Hexes and Translocations.
   Fortitude: Armour and Shields.
Magical Staves
 D - a staff of cold (weapon)
 F - a staff of cold
Jewellery
 n - a +6 ring of strength (right hand)
 r - a +6 ring of intelligence (left hand)
Scrolls
 d - 5 scrolls of noise
 g - 4 scrolls of identify
 h - 2 scrolls of teleportation {unknown}
 j - 2 scrolls of amnesia {unknown}
 l - 2 scrolls of acquirement
 t - a scroll of vulnerability {unknown}
 x - a scroll of enchant weapon {unknown}
 y - a scroll of fog {unknown}
 A - a scroll of magic mapping {unknown}
 E - a scroll of brand weapon {unknown}
Potions
 b - 2 potions of magic
 e - 4 potions of curing
 f - a potion of lignification {unknown}
 k - a potion of attraction {unknown}
 m - a potion of might
 p - a potion of heal wounds {unknown}
 s - 2 potions of haste {unknown}
 u - a potion of flight
 v - 2 potions of invisibility
 w - a potion of brilliance {unknown}
Miscellaneous
 G - a piece from Xom's chessboard (15/15)


   Skills:
 - Level 3.1(3.5) Armour
 - Level 2.0 Dodging
 - Level 2.0 Stealth
 + Level 5.7 Spellcasting
 * Level 3.8(4.2) Conjurations
 + Level 7.6 Ice Magic


You had 14 spell levels left.
You knew the following spells:

 Your Spells              Type           Power      Damage    Failure   Level
a - Freeze                Ice            100%       1d11      1%          1
b - Ozocubu's Armour      Ice            60%        N/A       1%          3

Your spell library contained the following spells:

 Spells                   Type           Power      Damage    Failure   Level
 Frozen Ramparts          Ice            100%       1d12      1%          3
 Hailstorm                Conj/Ice       52%        3d12      13%         4
 Sting                    Tmut/Pois      24%        1d4       14%         1
 Poisonous Vapours        Pois/Air       12%        N/A       22%         2
 Ignite Poison            Fire/Tmut/Pois 6%         N/A       41%         3
 Inner Flame              Hex/Fire       7%         N/A       41%         3
 Spider Form              Tmut/Pois      6%         N/A       41%         3
 Metabolic Englaciation   Hex/Ice        19%        N/A       63%         5
 Cause Fear               Hex            3%         N/A       82%         4
 Olgreb's Toxic Radiance  Pois           6%         N/A       82%         4
 Petrify                  Tmut/Erth      6%         N/A       82%         4
 Storm Form               Tmut/Air       3%         N/A       100%        7
 Discord                  Hex            3%         N/A       100%        8


Dungeon Overview and Level Annotations

Branches:
Dungeon (6/15)             Temple (0/1) D:5           Sewer (visited)
Ossuary (visited)

Altars:
Ashenzari
Dithmenos
Elyvilon
Fedhas
Makhleb
Okawaru
Qazlal
Vehumet
Xom

Shops:
D:4 (

Annotations:
D:5 exclusion: oklob sapling
D:6 Maggie


Message History

Aiming: Freeze (safe; 1% risk of failure)
Press: ? - help, Q - select action, (/) - cycle Shift-Dir - straight line, f/p - Maggie
Aim: Maggie, wielding a +3 long sword of holy wrath and wearing +0 steam dragon scales (heavily wounded)
You feel a surge of power!
You freeze Maggie!
Maggie is severely wounded.
Maggie closely misses you.
Aiming: Freeze (safe; 1% risk of failure)
Press: ? - help, Q - select action, (/) - cycle Shift-Dir - straight line, f/p - Maggie
Aim: Maggie, wielding a +3 long sword of holy wrath and wearing +0 steam dragon scales (severely wounded)
You feel a surge of power!
You freeze Maggie.
Maggie is severely wounded.
Maggie hits you with a +3 long sword of holy wrath.
Ashenzari invites you to partake of a vision and a curse of evocations and fortitude.
Aiming: Freeze (safe; 1% risk of failure)
Press: ? - help, Q - select action, (/) - cycle Shift-Dir - straight line, f/p - Maggie
Aim: Maggie, wielding a +3 long sword of holy wrath and wearing +0 steam dragon scales (severely wounded)
You feel a surge of power!
You freeze Maggie.
Maggie is severely wounded.
Maggie smiles, but it's obviously fake.
Maggie mumbles some strange words.
Maggie attempts to bespell you!
You are mesmerised by Maggie!
Aiming: Freeze (safe; 1% risk of failure)
Press: ? - help, Q - select action, (/) - cycle Shift-Dir - straight line, f/p - Maggie
Aim: Maggie, wielding a +3 long sword of holy wrath and wearing +0 steam dragon scales (severely wounded, mesmerising)
You feel a surge of power!
You freeze Maggie.
Maggie is severely wounded.
Maggie hits you with a +3 long sword of holy wrath.
You hit Maggie.
Maggie is severely wounded.
Maggie gives herself a magical halo, but it quickly sputters out.
Maggie hits you with a +3 long sword of holy wrath!
* * * LOW HITPOINT WARNING * * *
You completely miss Maggie.
Maggie is severely wounded.
Maggie smiles, but it's obviously fake.
Maggie points at you and mumbles some strange words.
The bolt of fire hits you!!
Ouch! That really hurt!
You die...

#............
#..##..##....
##+##..##..######
###..##..##....
#......>.#......
+........#.......
####.###.## ####
#####.###.#
#..@...# ..
#>.@...# ...
#......+ ....
#......# ...
#......# #..##..#
##+ ####


You could see Maggie (mesmerising).

Vanquished Creatures
  A wraith (D:6)
  A sky beast (D:5)
  A phantom (D:5)
  6 kobold brigands (Sewer)
  A bullfrog (D:5)
  3 hounds (D:5)
  An orc priest (D:5)
  3 orc wizards (D:5)
  2 iguanas
  4 adders
  6 gnolls
  A river rat (Sewer)
  A white imp (D:5)
  An ufetubus (D:5)
  10 worms
  4 dart slugs
  17 orcs
  16 endoplasms
  7 giant cockroaches
  10 goblins
  4 hobgoblins
  10 jackals
  11 kobolds
  8 quokkas
  3 training dummies (D:4)
  11 ball pythons
  11 bats
  3 frilled lizards
  A goblin zombie (D:4)
  14 rats
  A rat zombie (D:4)
173 creatures vanquished.

Vanquished Creatures (others)
  A bush (D:5)
  2 fungi (D:5)
  28 plants
31 creatures vanquished.

Grand Total: 204 creatures vanquished

Notes
Turn   | Place    | Note
-------+----------+-------------------------------------------
     0 | D:1      | rabbitsville the Human Ice Elementalist began the quest for
                  | the Orb.
     0 | D:1      | Reached XP level 1. HP: 13/13 MP: 3/3
   378 | D:1      | Reached XP level 2. HP: 19/19 MP: 3/5
   896 | D:1      | Reached XP level 3. HP: 19/24 MP: 5/7
  1936 | D:2      | Reached XP level 4. HP: 30/30 MP: 8/8
  2206 | D:2      | Found a faded altar of an unknown god.
  2586 | D:2      | Identified the +0 ring mail of Impermeability {Regen+
                  | Str+2}
  3174 | D:3      | Found a broken altar of Ashenzari.
  3194 | D:3      | Reached skill level 1 in Armour
  3230 | D:3      | Reached XP level 5. HP: 35/35 MP: 4/10
  4052 | D:4      | Found a burning altar of Makhleb.
  4114 | D:4      | Found a sand-covered staircase.
  4156 | Ossuary  | Entered an ossuary
  4397 | D:4      | Found a shadowy altar of Dithmenos.
  4541 | D:4      | Found Liunle Hait's Firing Range.
  4871 | D:4      | Found a white marble altar of Elyvilon.
  5571 | D:3      | Became a worshipper of Ashenzari the Shackled
  5676 | D:5      | Entered Level 5 of the Dungeon
  5689 | D:5      | Found a blossoming altar of Fedhas.
  5689 | D:5      | Found a stormy altar of Qazlal.
  5773 | D:5      | Noticed a phantom
  5777 | D:5      | Identified 4 scrolls of acquirement
  5777 | D:5      | Acquired the Incunabulum of the Mutagenic Snowflakes
  5800 | D:5      | Reached XP level 6. HP: 39/41 MP: 8/11
  5822 | D:5      | Reached skill level 5 in Ice Magic
  5847 | D:5      | Found a staircase to the Ecumenical Temple.
  5928 | D:5      | Found a glowing drain.
  5932 | Sewer    | Entered a sewer
  6234 | Sewer    | Reached XP level 7. HP: 46/46 MP: 10/13
  6448 | Sewer    | Acquired a staff of cold
  6465 | Sewer    | Acquired 576 gold pieces
  6504 | Sewer    | Reached skill level 6 in Ice Magic
  6643 | Sewer    | Learned a level 3 spell: Ozocubu's Armour
  7058 | D:5      | Reached skill level 5 in Spellcasting
  7058 | D:5      | Reached XP level 8. HP: 43/52 MP: 12/15
  7115 | D:5      | Reached skill level 7 in Ice Magic
  7291 | D:5      | Reached skill level 1 in Conjurations
  7618 | D:5      | Found a radiant altar of Vehumet.
  7618 | D:5      | Found an iron altar of Okawaru.
  7932 | D:6      | Found a shimmering altar of Xom.
  7968 | D:6      | Noticed a wraith
  7991 | D:6      | Killed a wraith
  8097 | D:6      | Noticed Maggie
  8114 | D:6      | Killed from afar by Maggie

Illustrated notes

Levels and vault maps discovered:
D:1:      scummos_arrival_star, layout_basic
D:2:      layout_loops_cross, shapermc_ecumenical_altar_flowoftime
D:3:      layout_basic, general_overflow_altar, minmay_cut_off
D:4:      layout_loops_corners, overflow_temple_1_default,
          mainiacjoe_overflow_boulevard, mainiacjoe_overflow_paths,
          enter_ossuary_4, nicolae_shop_firing_range
D:5:      layout_gridville, grunt_temple_overflow_forces_of_nature,
          amethyst_overflow_temple_binary, minmay_temple_entry_oklob,
          gup_sewer_entry_spiral, minmay_checkerbox
D:6:      layout_gridville, xom_butterflies, serial_bayou_lagoon_b, uniq_pikel,
          uniq_duvessa, uniq_maggie

Skill      XL: |  1  2  3  4  5  6  7  8 |
---------------+-------------------------+-----
Spellcasting   | 3 4 5 |  5.7
Armour         | 1 2 3 |  3.1
Ice Magic      | 5 6 7 |  7.6
Conjurations   | 3 |  3.8
Dodging        | |  2.0
Stealth        | |  2.0

Action                   |  1- 3 |  4- 6 |  7- 9 || total
-------------------------+-------+-------+-------++-------
Melee: Dagger            |    61 |    56 |       ||   117
       Staff             |       |       |   157 ||   157
       Punch             |       |       |     1 ||     1
Throw: Javelin           |       |     2 |     1 ||     3
       Dart              |       |       |     5 ||     5
 Cast: Freeze            |    42 |   147 |   120 ||   309
       Ozocubu's Armour  |       |       |     2 ||     2
Invok: Curse Item        |       |       |     1 ||     1
  Use: Scroll            |       |     3 |     2 ||     5
       Potion            |       |     3 |       ||     3
 Stab: Sleeping          |     6 |     5 |       ||    11
Armor: Robe              |    19 |     6 |       ||    25
       Ring mail         |       |    42 |   110 ||   152
Dodge: Dodged            |    52 |   100 |   150 ||   302

Table legend: (Time is in decaauts)
 A = Elapsed time spent in this place.
 B = Non-inter-level travel time spent in this place.
 C = Inter-level travel time spent in this place.
 D = Time resting spent in this place.
 E = Time spent auto-exploring this place.
 F = Levels seen in this place.
 G = Mean time per level.
                   A        B        C        D        E       F      G
               +--------+--------+--------+--------+--------+-----+--------+
         Total |   8397 |   7980 |    417 |   1053 |   4011 |   8 | 1049.6 |
       Dungeon |   7068 |   6651 |    417 |    982 |   3297 |   6 | 1178.0 |
         Sewer |   1229 |   1229 |      0 |     71 |    714 |   1 | 1229.0 |
       Ossuary |     99 |     99 |      0 |      0 |      0 |   1 |   99.0 |
               +--------+--------+--------+--------+--------+-----+--------+

Top non-repeatable levels by time:
     D:1: 1846 daAuts
     D:4: 1511 daAuts
     D:5: 1236 daAuts
   Sewer: 1229 daAuts
     D:3: 1220 daAuts
     D:2: 1051 daAuts
     D:6: 201 daAuts
 Ossuary: 99 daAuts
